 Dungeon Crawl Stone Soup version 0.31.0-9-g3a7656b989 (webtiles) character file.

Game seed: 6712326122824344442

282 Gottschkopf the Covered (level 6, -1/58 HPs)
             Began as a Minotaur Fighter on Jan 28, 2024.
             Was a Plaything of Xom.
             Slain by an orc
             ... wielding a +0 flail
              (5 damage)
             ... on level 3 of the Dungeon.
             The game lasted 00:04:47 (1435 turns).

Gottschkopf the Covered (Minotaur Fighter)          Turns: 1435, Time: 00:04:48

Health: -1/58      AC:  9    Str: 23    XL:     6   Next: 6%
Magic:  5/5        EV:  9    Int:  5    God:    Xom [......]
Gold:   135        SH:  8    Dex:  9    Spells: 5/5 levels left

rFire   . . .        a - +0 flail
rCold   . . .        c - +0 buckler
rNeg    . . .        b - +0 scale mail
rPois   .            (helmet restricted)
rElec   .            (no cloak)
rCorr   .            (no gloves)
SInv    .            j - +0 pair of boots
Will    .....        o - amulet of the acrobat Stlth
                     (no ring)
HPRegen 0.29/turn    (no ring)
MPRegen 0.09/turn

%: acrobat
@: no status effects
A: horns 2, retaliatory headbutt, large bone plates 1
a: Renounce Religion


You were on level 3 of the Dungeon.
You worshipped Xom.
You were a very special plaything of Xom.
You visited 1 branch of the dungeon, and saw 3 of its levels.

You collected 135 gold pieces.

Inventory:

Hand Weapons
 a - a +0 flail (weapon)
 q - a +0 mace of draining
Armour
 b - a +0 scale mail (worn)
 c - a +0 buckler (worn)
 j - a +0 pair of boots (worn)
Jewellery
 o - an amulet of the acrobat (around neck)
Scrolls
 e - 3 scrolls of identify {unknown}
 f - a scroll of enchant weapon {unknown}
 g - a scroll of silence {unknown}
 h - a scroll of acquirement {unknown}
 k - a scroll of noise {unknown}
 l - a scroll of enchant armour {unknown}
 m - a scroll of poison {unknown}
Potions
 d - a potion of might
 i - 2 potions of heal wounds {unknown}
 n - a potion of haste {unknown}
 p - a potion of curing {unknown}


   Skills:
 + Level 6.3 Fighting
 - Level 2.4 Maces & Flails
 + Level 6.3 Armour
 - Level 3.6 Shields


You had 5 spell levels left.
You didn't know any spells.
Your spell library was empty.

Dungeon Overview and Level Annotations

Branches:
Dungeon (3/15)

Altars:
Xom


Innate Abilities, Weirdness & Mutations

You have a pair of horns on your head.
You reflexively headbutt those who attack you in melee.
You are partially covered in large bone plates. (SH +4)


Message History

Grinder is severely wounded.
Grinder hits you but does no damage.
You hit Grinder but do no damage.
Grinder is severely wounded.
Grinder blinks!
You barely miss Grinder.
Grinder is severely wounded.
Grinder hits you.
* * * LOW HITPOINT WARNING * * *
You writhe in agony.
* * * LOW HITPOINT WARNING * * *
You thump Grinder!
Grinder is almost dead.
An orc comes into view. It is wielding a +0 flail.
You block Grinder's attack.
You barely miss Grinder.
Grinder is almost dead.
Grinder hits you but does no damage. The orc hits you but does no damage.
You block Grinder's attack. You block the orc's attack.
You hit Grinder but do no damage.
Grinder is severely wounded.
Grinder hits you but does no damage. The orc barely misses you.
You closely miss Grinder.
Grinder is severely wounded.
Grinder barely misses you. You furiously retaliate!
You headbutt Grinder. You block the orc's attack.
You sock Grinder!
You kill Grinder!
You block the orc's attack. The orc hits you with a +0 flail.
* * * LOW HITPOINT WARNING * * *
The orc hits you but does no damage.
Your Fighting skill increases to level 6!
Your Armour skill increases to level 6!
You have reached level 5!
You have reached level 6!
You barely miss the orc. You block the orc's attack. x2
You closely miss the orc. You headbutt the orc.
The orc is moderately wounded.
The orc hits you with a +0 flail.
You die... "Boring in life, boring in death..."

...... ##......#. ..#
..... .......... #.#
.....
.........###.#### #
.##.. #......#........
.# ....
..............###.###
#....
..#..........†......#
##..
.......†....#†..######
#.
......oo.....†.......#
##.....@..........####
##...............#
#...............#
#...............#
#..........###.##
##.#######.# #... #.
#.# #... #. #


You could see 2 orcs.

Vanquished Creatures
  Grinder (D:3)
  Terence (D:3)
  An adder (D:3)
  3 ribbon worms
  7 ball pythons
  2 endoplasms (D:1)
  A giant cockroach (D:1)
  5 goblins
  6 hobgoblins
  4 jackals (D:3)
  2 quokkas
  2 bats
  2 frilled lizards
  5 kobolds
  6 rats
48 creatures vanquished.

Notes
Turn   | Place    | Note
-------+----------+-------------------------------------------
     0 | D:1      | Gottschkopf the Minotaur Fighter began the quest for the
                  | Orb.
     0 | D:1      | Reached XP level 1. HP: 19/19 MP: 0/0
   211 | D:1      | Reached XP level 2. HP: 27/27 MP: 1/1
   296 | D:1      | Found a faded altar of an unknown god.
   308 | D:1      | Prayed at the altar of an unknown god.
   308 | D:1      | Became a worshipper of Xom of Many Doors
   771 | D:2      | XOM: noise
   789 | D:2      | Reached XP level 3. HP: 34/34 MP: 2/2
   821 | D:2      | XOM: scenery: create altars
  1027 | D:2      | XOM: polymorph ball python -> bat
  1069 | D:2      | XOM: scenery: summon butterflies
  1131 | D:2      | XOM: silly message
  1199 | D:2      | XOM: silly message
  1323 | D:3      | Noticed Terence
  1323 | D:3      | XOM: give mutation
  1323 | D:3      | Gained mutation: You are partially covered in large bone
                  | plates. (SH +4) [Xom's mischief]
  1327 | D:3      | XOM: butterfly on damage
  1332 | D:3      | Killed Terence
  1333 | D:3      | Reached skill level 5 in Fighting
  1333 | D:3      | Reached skill level 5 in Armour
  1333 | D:3      | Reached XP level 4. HP: 25/41 MP: 3/3
  1371 | D:3      | XOM: 2-stop teleportation journey
  1396 | D:3      | Noticed Grinder
  1433 | D:3      | Killed Grinder
  1433 | D:3      | HP: 2/42 [orc/+0 flail (5)]
  1434 | D:3      | Reached XP level 5. HP: 3/51 MP: 4/4
  1434 | D:3      | Reached XP level 6. HP: 3/58 MP: 5/5
  1435 | D:3      | Slain by an orc

Illustrated notes

Levels and vault maps discovered:
D:1:      lightli_arrival_noodles, layout_loops_ring, basic_ecumenical_altar
D:2:      layout_basic
D:3:      layout_rooms, nicolae_tso_besieged_by_evil, serial_curves,
          eino_curves_03, eino_curves_03, serial_shops, shop, uniq_terence,
          uniq_grinder, uniq_natasha

Skill      XL: |  1  2  3  4 |
---------------+-------------+-----
Fighting       | 4 5 6 |  6.3
Armour         | 4 5 6 |  6.3
Maces & Flails | |  2.4
Shields        | |  3.6

Action                     |  1- 3 |  4- 6 || total
---------------------------+-------+-------++-------
  Melee: Flail             |    83 |    30 ||   113
         Headbutt          |    11 |     4 ||    15
 Armour: Scale mail        |    64 |    21 ||    85
  Dodge: Dodged            |    36 |    13 ||    49
  Block: Buckler           |    32 |    19 ||    51
